APP
OREM OWLZ @ ELIZABETHTON TWINS
09/07/2044
 
TOP OF THE 1ST
Orem Owlz batting - Pitching for Elizabethton Twins : RHP Andrew Rich
Pitching: RHP Andrew Rich
Batting: SHB Butch Brown 0-0: Ball
1-0: Ball
2-0: Swinging Strike
2-1: Called Strike
2-2: Ball
3-2: Base on Balls
Batting: LHB Justin Alexander 0-0: Ball
1-0: DOUBLE (Flyball, 8LXD, EV 98.1 MPH)
Butch Brown to third
Batting: LHB Brett Bugge 0-0: SINGLE (Groundball, 34D, EV 101.9 MPH)
Butch Brown scores
Justin Alexander to third
Runner from 3rd tries for Home, SAFE, throw by RF to home
Batting: RHB Mike Alm 0-0: Called Strike
0-1: Ball
1-1: Ball
2-1: Called Strike
2-2: Fly out, F7 (Flyball, 7LS, EV 95.6 MPH)
Batting: RHB Ryan Pelletier Pickoff Throw to First - Error! E1
Brett Bugge to second
0-0: SINGLE (Line Drive, 8LS, EV 105.6 MPH)
Brett Bugge to third
Batting: RHB Danny Bjarnson 0-0: Called Strike
Ryan Pelletier steals 2nd base
0-1: Foul Ball, location: 2F
0-2: Strikes out swinging
Pitching: RHP Bud Puffer
Batting: RHB J.R. Roberts 0-0: Ball
Wild Pitch!
Brett Bugge scores
Ryan Pelletier to third
1-0: Ball
2-0: SINGLE (Groundball, 6S, EV 66.3 MPH) (infield hit)
Ryan Pelletier scores
Batting: RHB Kinya Nishimura 0-0: Ball
1-0: Ball
2-0: Ball
3-0: Called Strike
3-1: SINGLE (Groundball, 6MD, EV 96.3 MPH)
J.R. Roberts to second
Batting: RHB Jose Ramirez 0-0: Ball
1-0: Fly out, F9 (Flyball, 9LD, EV 105.0 MPH)
Top of the 1st over - 4 runs, 5 hits, 1 error, 2 left on base; Orem 4 - Elizabethton 0
BOTTOM OF THE 1ST
Elizabethton Twins batting - Pitching for Orem Owlz : RHP Luis Cabrera
Pitching: RHP Luis Cabrera
Batting: RHB Andrew Nicol 0-0: Called Strike
0-1: Foul Ball, location: 2F
0-2: Ball
1-2: Ball
2-2: Ball
3-2: SINGLE (Line Drive, 89S, EV 93.1 MPH)
Batting: LHB David Campbell 0-0: Called Strike
0-1: Ball
1-1: Ball
2-1: Called Strike
2-2: Ball
3-2: Strikes out swinging
Andrew Nicol is caught stealing 2nd base 2-6
Batter strikes out.
Batting: SHB Dan Morataya 0-0: Swinging Strike
0-1: Foul Ball, location: 2F
0-2: Strikes out swinging
Bottom of the 1st over - 0 runs, 1 hit, 0 errors, 0 left on base; Orem 4 - Elizabethton 0
TOP OF THE 2ND
Orem Owlz batting - Pitching for Elizabethton Twins : RHP Bud Puffer
Batting: SHB Butch Brown 0-0: Called Strike
0-1: SINGLE (Groundball, 6MD, EV 95.0 MPH)
Batting: LHB Justin Alexander 0-0: Called Strike
Butch Brown steals 2nd base
0-1: SINGLE (Line Drive, 9S, EV 103.1 MPH)
Butch Brown to third
Batting: LHB Brett Bugge 0-0: Called Strike
0-1: Foul Ball, location: 2F
0-2: Foul Ball, location: 2F
0-2: Strikes out swinging
Pitching: RHP Jon Hice
Batting: RHB Mike Alm 0-0: Ball
1-0: Foul Ball, location: 2F
1-1: Called Strike
1-2: Ball
Justin Alexander steals 2nd base (no throw)
2-2: Ball
3-2: Foul Ball, location: 2F
3-2: Base on Balls
Batting: RHB Ryan Pelletier 0-0: Ball
1-0: TRIPLE (Line Drive, 89XD, EV 99.4 MPH)
Butch Brown scores
Justin Alexander scores
Mike Alm scores
Batting: RHB Danny Bjarnson 0-0: SINGLE (Groundball, 6D, EV 95.0 MPH)
Ryan Pelletier scores
Batting: RHB J.R. Roberts 0-0: Ball
1-0: Foul Ball, location: 2F
1-1: Ball
2-1: Ball
3-1: 2-RUN HOME RUN (Flyball, 78XD, EV 100.0 MPH), Distance : 390 ft
Pitching: RHP Ewan Wijker
Batting: RHB Kinya Nishimura 0-0: Ground out 6-3 (Groundball, 6, EV 88.1 MPH)
Batting: RHB Jose Ramirez 0-0: Foul Ball, location: 2F
0-1: Ball
1-1: Ball
2-1: Ball
3-1: Fly out, F8 (Flyball, 8LM, EV 89.4 MPH)
Top of the 2nd over - 6 runs, 5 hits, 0 errors, 0 left on base; Orem 10 - Elizabethton 0
BOTTOM OF THE 2ND
Elizabethton Twins batting - Pitching for Orem Owlz : RHP Luis Cabrera
Batting: RHB Nick Phipps 0-0: Foul Ball, location: 2F
0-1: Ball
1-1: Ball
2-1: Ball
3-1: Base on Balls
Batting: SHB Chris Hull 0-0: Ball
Nick Phipps steals 2nd base
1-0: Foul Ball, location: 2F
1-1: Swinging Strike
1-2: Strikes out swinging
Batting: RHB Jose Gracia 0-0: Ball
Nick Phipps steals 3rd base
1-0: DOUBLE (Flyball, 8LXD, EV 107.5 MPH)
Nick Phipps scores
Batting: RHB Jimmy Mayville 0-0: Called Strike
0-1: SINGLE (Flyball, 6MD, EV 86.9 MPH)
Jose Gracia to third
Batting: LHB Jose Cotto 0-0: Ball
1-0: Ball
2-0: Called Strike
2-1: Ball
3-1: Foul Ball, location: 2F
3-2: Base on Balls
Jimmy Mayville to second
Batting: SHB Nate Januchowski 0-0: Called Strike
0-1: Fly out, F5 (Popup, 56S, EV 73.1 MPH)
Batting: RHB Andrew Nicol 0-0: Swinging Strike
0-1: Ball
1-1: Ball
2-1: Foul Ball, location: 2F
2-2: Fly out, F9 (Flyball, 9S, EV 74.4 MPH)
Bottom of the 2nd over - 1 run, 2 hits, 0 errors, 3 left on base; Orem 10 - Elizabethton 1
TOP OF THE 3RD
Orem Owlz batting - Pitching for Elizabethton Twins : RHP Ewan Wijker
Batting: SHB Butch Brown 0-0: Ball
1-0: Ball
2-0: Ball
3-0: Base on Balls
Batting: LHB Justin Alexander 0-0: Foul Ball, location: 2F
0-1: Ball
Butch Brown steals 2nd base
1-1: Ground out U3 (Groundball, 3, EV 79.4 MPH)
Butch Brown to third
Batting: LHB Brett Bugge 0-0: Called Strike
0-1: Ball
1-1: Called Strike
1-2: DOUBLE (Line Drive, 78D, EV 102.5 MPH)
Butch Brown scores
Batting: RHB Mike Alm 0-0: Called Strike
0-1: Ball
1-1: Foul Ball, location: 2F
1-2: Ball
2-2: Ball
3-2: Foul Ball, location: 2F
3-2: Foul Ball, location: 2F
3-2: Ground out 6-3 (Groundball, 56, EV 106.3 MPH)
Batting: RHB Ryan Pelletier 0-0: Ball
1-0: Ground out 4-3 (Groundball, 4, EV 81.3 MPH)
Top of the 3rd over - 1 run, 1 hit, 0 errors, 1 left on base; Orem 11 - Elizabethton 1
BOTTOM OF THE 3RD
Elizabethton Twins batting - Pitching for Orem Owlz : RHP Luis Cabrera
Batting: LHB David Campbell 0-0: Ball
1-0: Ball
2-0: SINGLE (Groundball, 56S, EV 70.0 MPH) (infield hit)
Batting: SHB Dan Morataya 0-0: Called Strike
0-1: Ball
1-1: Swinging Strike
1-2: Ball
2-2: Ball
3-2: Base on Balls
David Campbell to second
Batting: RHB Nick Phipps 0-0: Ball
1-0: Ball
2-0: Called Strike
2-1: Called Strike
2-2: Ball
3-2: Base on Balls
David Campbell to third
Dan Morataya to second
Batting: SHB Chris Hull 0-0: Ball
1-0: Called Strike
1-1: Foul Ball, location: 2F
1-2: SINGLE (Flyball, 4MD, EV 89.4 MPH)
David Campbell scores
Dan Morataya to third
Nick Phipps to second
Batting: RHB Jose Gracia 0-0: DOUBLE (Line Drive, 9LS, EV 100.0 MPH)
Dan Morataya scores
Nick Phipps scores
Chris Hull to third
Runner from 3rd tries for Home, SAFE, no throw by RF
Pitching: RHP Tim Anderson
Batting: RHB Jimmy Mayville 0-0: Ball
1-0: Foul Ball, location: 2F
1-1: Foul Ball, location: 2F
1-2: Ball
2-2: Ball
3-2: Fly out, F9 (Flyball, 89D, EV 92.5 MPH)
Runner from 2nd tags up, SAFE at 3rd, no throw by RF
Batting: LHB Jose Cotto 0-0: Ball
1-0: Foul Ball, location: 2F
1-1: Called Strike
1-2: Foul Ball, location: 2F
1-2: Foul Ball, location: 2F
1-2: Ball
2-2: Ball
3-2: Foul Ball, location: 2F
3-2: Strikes out swinging
Batting: SHB Nate Januchowski 0-0: Ball
1-0: Called Strike
1-1: Ball
2-1: Foul Ball, location: 2F
2-2: Ball
3-2: Foul Ball, location: 2F
3-2: Fly out, F8 (Flyball, 8LS, EV 83.1 MPH)
Bottom of the 3rd over - 4 runs, 3 hits, 0 errors, 1 left on base; Orem 11 - Elizabethton 5
TOP OF THE 4TH
Orem Owlz batting - Pitching for Elizabethton Twins : RHP Ewan Wijker
Batting: RHB Danny Bjarnson 0-0: Ball
1-0: Ball
2-0: Ball
3-0: Swinging Strike
3-1: Called Strike
3-2: Base on Balls
Batting: RHB J.R. Roberts 0-0: Called Strike
Danny Bjarnson steals 2nd base
0-1: Foul Ball, location: 2F
0-2: Ball
1-2: Fly out, F5 (Popup, 5SF, EV 73.1 MPH)
Batting: RHB Kinya Nishimura 0-0: Ball
1-0: Foul Ball, location: 2F
1-1: SINGLE (Line Drive, 78S, EV 95.0 MPH)
Danny Bjarnson to third
Batting: RHB Jose Ramirez 0-0: Ball
1-0: Ball
2-0: Ball
3-0: Base on Balls
Kinya Nishimura to second
Batting: SHB Butch Brown 0-0: Foul Ball, location: 2F
0-1: Ball
1-1: Called Strike
1-2: Ball
Wild Pitch!
Danny Bjarnson scores
Kinya Nishimura to third
Jose Ramirez to second
2-2: Ball
3-2: Foul Ball, location: 2F
3-2: Base on Balls
Batting: LHB Justin Alexander 0-0: Ball
1-0: SINGLE (Line Drive, 78M, EV 106.9 MPH)
Kinya Nishimura scores
Jose Ramirez to third
Butch Brown to second
Runner from 3rd tries for Home, throw by CF and OUT! 8-2
Batting: LHB Brett Bugge 0-0: Called Strike
0-1: Ball
Wild Pitch!
Butch Brown to third
Justin Alexander to second
1-1: Foul Ball, location: 2F
1-2: Ball
2-2: Ball
3-2: Base on Balls
Batting: RHB Mike Alm 0-0: Ball
1-0: Ball
2-0: Ball
3-0: Base on Balls
Butch Brown scores
Justin Alexander to third
Brett Bugge to second
Pitching: RHP John Giffin
Batting: RHB Ryan Pelletier 0-0: Swinging Strike
0-1: SINGLE (Line Drive, 7S, EV 104.4 MPH)
Justin Alexander scores
Brett Bugge to third
Mike Alm to second
Batting: RHB Danny Bjarnson 0-0: Called Strike
0-1: Ball
1-1: Fly out, F8 (Line Drive, 89D, EV 105.0 MPH)
Top of the 4th over - 4 runs, 3 hits, 0 errors, 3 left on base; Orem 15 - Elizabethton 5
BOTTOM OF THE 4TH
Elizabethton Twins batting - Pitching for Orem Owlz : RHP Tim Anderson
Batting: RHB Andrew Nicol 0-0: Called Strike
0-1: Foul Ball, location: 2F
0-2: Strikes out swinging
Batting: LHB David Campbell 0-0: Called Strike
0-1: Foul Ball, location: 2F
0-2: Strikes out swinging
Batting: SHB Dan Morataya 0-0: Called Strike
0-1: Swinging Strike
0-2: Ball
1-2: Strikes out looking
Bottom of the 4th over - 0 runs, 0 hits, 0 errors, 0 left on base; Orem 15 - Elizabethton 5
TOP OF THE 5TH
Orem Owlz batting - Pitching for Elizabethton Twins : RHP John Giffin
Batting: RHB J.R. Roberts 0-0: Ball
1-0: Called Strike
1-1: Ground out 4-3 (Groundball, 4, EV 100.6 MPH)
Batting: RHB Kinya Nishimura 0-0: Ball
1-0: Ball
2-0: Called Strike
2-1: Swinging Strike
2-2: Ball
3-2: Base on Balls
Batting: RHB Jose Ramirez 0-0: Foul Ball, location: 2F
0-1: Ball
1-1: Foul Ball, location: 2F
1-2: Foul Ball, location: 2F
1-2: Strikes out swinging
Batting: SHB Butch Brown 0-0: Ball
1-0: Ball
2-0: Ball
3-0: Called Strike
3-1: Fly out, F9 (Flyball, 89D, EV 83.8 MPH)
Top of the 5th over - 0 runs, 0 hits, 0 errors, 1 left on base; Orem 15 - Elizabethton 5
BOTTOM OF THE 5TH
Elizabethton Twins batting - Pitching for Orem Owlz : RHP Tim Anderson
Batting: RHB Nick Phipps 0-0: Foul Ball, location: 2F
0-1: Swinging Strike
0-2: Foul Ball, location: 2F
0-2: Foul Ball, location: 2F
0-2: Strikes out looking
Batting: SHB Chris Hull 0-0: Ball
1-0: Ball
2-0: Foul Ball, location: 2F
2-1: Foul Ball, location: 2F
2-2: Ball
3-2: Foul Ball, location: 2F
3-2: Foul Ball, location: 2F
3-2: Strikes out looking
Batting: RHB Jose Gracia 0-0: Swinging Strike
0-1: Called Strike
0-2: Strikes out swinging
Bottom of the 5th over - 0 runs, 0 hits, 0 errors, 0 left on base; Orem 15 - Elizabethton 5
TOP OF THE 6TH
Orem Owlz batting - Pitching for Elizabethton Twins : RHP John Giffin
Batting: LHB Justin Alexander 0-0: Ball
1-0: Ball
2-0: Swinging Strike
2-1: Ball
3-1: Base on Balls
Batting: LHB Brett Bugge 0-0: Ball
Balk!
Justin Alexander to second
1-0: Called Strike
1-1: Ground out 4-3 (Groundball, 4, EV 80.0 MPH)
Justin Alexander to third
Batting: RHB Mike Alm 0-0: Ball
1-0: Ball
2-0: Ball
3-0: Called Strike
3-1: Base on Balls
Batting: RHB Ryan Pelletier 0-0: Foul Ball, location: 2F
0-1: Ball
1-1: Foul Ball, location: 2F
1-2: Ground out 4-3 (Groundball, 4S, EV 65.0 MPH)
Justin Alexander scores
Mike Alm to second
Pitching: RHP Noah Davies
Batting: RHB Danny Bjarnson 0-0: Ball
1-0: Called Strike
1-1: Ball
2-1: Ball
3-1: Foul Ball, location: 2F
3-2: Base on Balls
Batting: RHB J.R. Roberts 0-0: Foul Ball, location: 2F
0-1: Fly out, F7 (Flyball, 7, EV 84.4 MPH)
Top of the 6th over - 1 run, 0 hits, 0 errors, 2 left on base; Orem 16 - Elizabethton 5
BOTTOM OF THE 6TH
Elizabethton Twins batting - Pitching for Orem Owlz : RHP Tim Anderson
Batting: RHB Jimmy Mayville 0-0: Ball
1-0: Ball
2-0: Ball
3-0: Base on Balls
Batting: LHB Jose Cotto 0-0: Ball
1-0: Ball
2-0: Called Strike
2-1: Ball
3-1: Foul Ball, location: 2F
3-2: Base on Balls
Jimmy Mayville to second
Pitching: RHP Ed Raleigh
Batting: SHB Nate Januchowski 0-0: Called Strike
0-1: Ball
1-1: Foul Ball, location: 2F
1-2: Fly out, F6 (Flyball, 6D, EV 87.5 MPH)
Batting: RHB Andrew Nicol 0-0: Ball
1-0: Ball
2-0: Ball
3-0: Called Strike
3-1: Foul Ball, location: 2F
3-2: Fly out, F4 (Popup, 23, EV 86.3 MPH)
Batting: LHB David Campbell 0-0: Ball
1-0: Fly out, F9 (Flyball, 9S, EV 71.3 MPH)
Bottom of the 6th over - 0 runs, 0 hits, 0 errors, 2 left on base; Orem 16 - Elizabethton 5
TOP OF THE 7TH
Orem Owlz batting - Pitching for Elizabethton Twins : RHP Noah Davies
Batting: RHB Kinya Nishimura 0-0: SINGLE (Line Drive, 78S, EV 99.4 MPH)
Batting: RHB Jose Ramirez 0-0: Called Strike
0-1: Ball
1-1: Foul Ball, location: 2F
1-2: Ball
2-2: Foul Ball, location: 2F
2-2: Fielders Choice at 2nd, 3-6 (Groundball, 34S, EV 79.4 MPH)
Batting: SHB Butch Brown 0-0: Called Strike
0-1: Fly out, F9 (Flyball, 89S, EV 87.5 MPH)
Batting: LHB Justin Alexander 0-0: Ball
1-0: Ball
2-0: Ball
3-0: Base on Balls
Jose Ramirez to second
Batting: LHB Brett Bugge 0-0: Ball
1-0: Foul Ball, location: 2F
1-1: DOUBLE (Line Drive, 78D, EV 106.3 MPH)
Jose Ramirez scores
Justin Alexander to third
Runner from 3rd tries for Home, SAFE, no throw by CF
Batting: RHB Mike Alm 0-0: Ball
1-0: Ball
Balk!
Brett Bugge to third
2-0: Foul Ball, location: 2F
Balk!
Brett Bugge scores
2-1: Called Strike
2-2: Foul Ball, location: 2F
2-2: Ground out U3 (Groundball, 13, EV 81.9 MPH)
Top of the 7th over - 3 runs, 2 hits, 0 errors, 0 left on base; Orem 19 - Elizabethton 5
BOTTOM OF THE 7TH
Elizabethton Twins batting - Pitching for Orem Owlz : RHP Ed Raleigh
Batting: SHB Dan Morataya 0-0: Swinging Strike
0-1: Swinging Strike
0-2: Ball
1-2: Fly out, F4 (Popup, 4D, EV 51.3 MPH)
Batting: RHB Nick Phipps 0-0: Called Strike
0-1: Called Strike
0-2: SOLO HOME RUN (Flyball, 78XD, EV 111.9 MPH), Distance : 406 ft
Batting: SHB Chris Hull 0-0: Called Strike
0-1: Called Strike
0-2: Strikes out swinging
Batting: RHB Jose Gracia 0-0: Ball
1-0: Ball
2-0: Ball
3-0: Called Strike
3-1: Base on Balls
Pinch Hitting: RHB Ryan Hawkins 0-0: Ball
1-0: Called Strike
1-1: Swinging Strike
1-2: Ball
2-2: Ball
3-2: DOUBLE (Flyball, 8RXD, EV 100.0 MPH)
Jose Gracia to third
Jose Gracia scores
Batting: LHB Jose Cotto 0-0: Ground out 6-3 (Groundball, 6, EV 103.1 MPH)
Bottom of the 7th over - 2 runs, 2 hits, 0 errors, 1 left on base; Orem 19 - Elizabethton 7
TOP OF THE 8TH
Orem Owlz batting - Pitching for Elizabethton Twins : RHP Noah Davies
Now at 3B: Ryan Hawkins
Batting: RHB Ryan Pelletier 0-0: Foul Ball, location: 2F
0-1: SINGLE (Line Drive, 34D, EV 95.0 MPH)
Batting: RHB Danny Bjarnson 0-0: Called Strike
0-1: Foul Ball, location: 2F
0-2: Fly out, F7 (Flyball, 8LM, EV 90.6 MPH)
Batting: RHB J.R. Roberts 0-0: Called Strike
0-1: Swinging Strike
0-2: Ball
1-2: Foul Ball, location: 2F
1-2: Ball
2-2: Ball
3-2: Foul Ball, location: 2F
3-2: Base on Balls
Ryan Pelletier to second
Pitching: RHP Keith Nix
Batting: RHB Kinya Nishimura 0-0: DOUBLE (Groundball, 5L, EV 109.4 MPH)
Ryan Pelletier scores
J.R. Roberts to third
Batting: RHB Jose Ramirez 0-0: Foul Ball, location: 2F
0-1: Ground out 5-3 (Groundball, 5L, EV 80.0 MPH)
Batting: SHB Butch Brown 0-0: Called Strike
0-1: Swinging Strike
0-2: Fly out, F4 (Popup, 4, EV 61.3 MPH)
Top of the 8th over - 1 run, 2 hits, 0 errors, 2 left on base; Orem 20 - Elizabethton 7
BOTTOM OF THE 8TH
Elizabethton Twins batting - Pitching for Orem Owlz : RHP Ed Raleigh
Batting: SHB Nate Januchowski 0-0: Ball
1-0: Ball
2-0: Called Strike
2-1: Swinging Strike
2-2: Foul Ball, location: 2F
2-2: Strikes out swinging
Batting: RHB Andrew Nicol 0-0: Ball
1-0: Ball
2-0: Ground out 4-3 (Groundball, 4M, EV 85.0 MPH)
Batting: LHB David Campbell 0-0: Ball
1-0: Ball
2-0: Ball
3-0: Base on Balls
Batting: SHB Dan Morataya 0-0: Ball
1-0: Ball
2-0: Ball
3-0: Base on Balls
David Campbell to second
Batting: RHB Nick Phipps 0-0: Ball
1-0: Ball
2-0: Foul Ball, location: 2F
2-1: Swinging Strike
2-2: Foul Ball, location: 2F
2-2: Strikes out swinging
Bottom of the 8th over - 0 runs, 0 hits, 0 errors, 2 left on base; Orem 20 - Elizabethton 7
TOP OF THE 9TH
Orem Owlz batting - Pitching for Elizabethton Twins : RHP Keith Nix
Batting: LHB Justin Alexander 0-0: Foul Ball, location: 2F
0-1: Ground out U3 (Groundball, 34, EV 99.4 MPH)
Batting: LHB Brett Bugge 0-0: Fly out, F8 (Flyball, 8RXD, EV 98.8 MPH)
Batting: RHB Mike Alm 0-0: Ball
1-0: Ball
2-0: Called Strike
2-1: Ball
3-1: Base on Balls
Batting: RHB Ryan Pelletier 0-0: Ball
1-0: Fly out, F3 (Popup, 3F, EV 57.5 MPH)
Top of the 9th over - 0 runs, 0 hits, 0 errors, 1 left on base; Orem 20 - Elizabethton 7
BOTTOM OF THE 9TH
Elizabethton Twins batting - Pitching for Orem Owlz : RHP Ed Raleigh
Batting: SHB Chris Hull 0-0: Ball
1-0: Called Strike
1-1: Foul Ball, location: 2F
1-2: Strikes out swinging
Pinch Hitting: RHB Jorge Corte 0-0: Called Strike
0-1: Fly out, F5 (Flyball, 5D, EV 92.5 MPH)
Pinch Hitting: RHB Marcel Koens 0-0: Ball
1-0: Fly out, F6 (Flyball, 56D, EV 88.8 MPH)
Bottom of the 9th over - 0 runs, 0 hits, 0 errors, 0 left on base; Orem 20 - Elizabethton 7
Thursday, March 31st , 2022 - OOTP Baseball 22.12 Build 89